 Dungeon Crawl Stone Soup version 0.30.1-9-gdf580d7c3d (webtiles) character file.

Game seed: 66212661455870277

1555 monsoonserge the Skirmisher (level 8, 0/63 HPs)
             Began as a Spriggan Hunter on Oct 24, 2023.
             Was a Believer of Okawaru.
             Succumbed to a killer bee's poison
             ... on level 5 of the Dungeon.
             The game lasted 00:14:53 (4575 turns).

monsoonserge the Skirmisher (Spriggan Hunter)       Turns: 4575, Time: 00:14:53

Health: 0/63       AC: 28    Str:  5    XL:     8   Next: 58%
Magic:  8/10       EV:  4    Int: 11    God:    Okawaru [**....]
Gold:   124        SH:  0    Dex: 26    Spells: 7/7 levels left

rFire   + . .        a - +0 shortbow
rCold   + . .        (shield currently unavailable)
rNeg    . . .        c - melded +0 robe
rPois   +            (helmet currently unavailable)
rElec   +            (cloak currently unavailable)
rCorr   +            (gloves unavailable)
SInv    +            (boots unavailable)
Will    +....        o - amulet of the acrobat
Stlth   ++++         j - +4 ring of protection
HPRegen 0.30/turn    F - +6 ring of dexterity
MPRegen 0.12/turn

%: acrobat
@: lethally poisoned (0 -> -5), tree-form, resistant, heroic, invisible
A: stationary, stasis, torment immunity, boosted hp, very small, no large
weapons, unfitting armour, see invisible, (speed 3), (poison resistance),
screaming 1, weak 1
a: Renounce Religion, Heroism


You were on level 5 of the Dungeon.
You worshipped Okawaru.
Okawaru was pleased with you.
You were a tree.
You visited 2 branches of the dungeon, and saw 6 of its levels.

You collected 124 gold pieces.

Inventory:

Hand Weapons
 a - a +0 shortbow (weapon)
 r - a +0 sling
Missiles
 l - 6 poisoned darts
 E - 3 curare-tipped darts
Armour
 c - a +0 robe (melded)
Magical Staves
 D - a staff of air
Jewellery
 h - a ring of positive energy
 j - a +4 ring of protection (left branch)
 o - an amulet of the acrobat (around neck)
 y - an amulet of magic regeneration
 F - a +6 ring of dexterity (right branch)
Wands
 w - a wand of iceblast (18)
Scrolls
 b - 2 scrolls of immolation
 d - 4 scrolls of identify {unknown}
 e - 3 scrolls of fear {unknown}
 f - a scroll of amnesia {unknown}
 g - 3 scrolls of vulnerability {unknown}
 p - a scroll of brand weapon {unknown}
 q - 2 scrolls of magic mapping {unknown}
 s - a scroll of butterflies {unknown}
 t - a scroll of fog {unknown}
 z - a scroll of enchant armour {unknown}
 A - a scroll of enchant weapon {unknown}
 B - 3 scrolls of teleportation {unknown}
 C - 3 scrolls of blinking {unknown}
 H - a scroll of torment {unknown}
Potions
 m - a potion of lignification
 n - 2 potions of mutation
 u - a potion of flight {unknown}
 v - a potion of might {unknown}
 x - a potion of attraction {unknown}
 G - a potion of cancellation {unknown}


   Skills:
 * Level 4.1(9.1) Fighting
 + Level 10.0(15.0) Ranged Weapons
 + Level 4.1(9.1) Dodging
 + Level 2.5(7.5) Stealth
 + Level 1.3 Invocations
 + Level 1.0 Evocations


You had 7 spell levels left.
You didn't know any spells.
Your spell library contained the following spells:

 Spells                   Type           Power      Damage    Failure   Level
 Freeze                   Ice            0%         1d3       34%         1
 Kiss of Death            Conj/Necr      0%         2d5       34%         1
 Confusing Touch          Hex            0%         N/A       71%         3
 Frozen Ramparts          Ice            0%         1d1       71%         3
 Hailstorm                Conj/Ice       0%         3d3       71%         3
 Dispel Undead            Necr           0%         3d6       98%         4
 Summon Small Mammal      Summ           Unusable   N/A       N/A         1
 Call Canine Familiar     Summ           Unusable   N/A       N/A         3
 Summon Guardian Golem    Hex/Summ       Unusable   N/A       N/A         3
 Summon Ice Beast         Ice/Summ       Unusable   N/A       N/A         4
 Summon Mana Viper        Hex/Summ       Unusable   N/A       N/A         5
 Monstrous Menagerie      Summ           Unusable   N/A       N/A         7

Dungeon Overview and Level Annotations

Branches:
Dungeon (5/15)             Temple (1/1) D:4

Altars:
Dithmenos
Elyvilon
Fedhas
Makhleb
Nemelex Xobeh
Okawaru
Qazlal
Ru
Sif Muna
Uskayaw
Vehumet
Xom
Yredelemnul
Zin
The Shining One

Annotations:
D:5 2 transporters, mrw3rdna's ghost, novice DsGl


Innate Abilities, Weirdness & Mutations

You are a tree.
Your roots penetrate the ground, keeping you stationary.
You cannot be teleported.
You are immune to unholy pain and torment.
Your maximum health is greatly increased.
Your equipment is partially melded.
You are very small and have problems with some larger weapons.
You are too small for most types of armour.
You have supernaturally acute eyesight. (SInv)
((You cover ground extremely quickly. (Speed+++)))
((Your system is resistant to poisons. (rPois)))
You occasionally shout uncontrollably at your foes.
You are weak. (Str -2)


Message History

The killer bee completely misses you.
The killer bee stings you but does no damage.
Fire: a) +0 shortbow
Press: ? - help, Q - select action, (/) - cycle Shift-Dir - straight line, f/p - killer bee
Aim: a killer bee (moderately wounded, 51% to hit)
You shoot an arrow. The arrow misses the killer bee.
You feel very sick. The killer bee stings you.
You are lethally poisoned!
The killer bee poisons you! The killer bee stings you.
You gain the combat prowess of a mighty hero.
* * * LOW HITPOINT WARNING * * *
You feel very sick. The killer bee stings you.
* * * LOW HITPOINT WARNING * * *
The killer bee completely misses you.
It was a potion of mutation.
You feel extremely strange.
You feel weaker.
You feel the urge to shout.
You feel resistant to poisons.
* * * LOW HITPOINT WARNING * * *
You feel very sick.
The killer bee completely misses you. x2
It was a potion of lignification.
You turn into a tree.
Your +0 robe melds into your body.
Your roots penetrate the ground.
* * * LOW HITPOINT WARNING * * *
You feel sick. The killer bee barely misses you.
The killer bee stings you but does no damage.
You are lethally poisoned (3 -> -4).
You are a tree.
You possess the skills of a mighty hero.
Your movement speed is average.
Your attack delay is about 0.7.
Your damage rating with your +0 shortbow is about 18 (Base 9 x 140% (Dex) x 149% (Skill)).
Your base attributes are Str 7, Int 11, Dex 20.
It was a potion of invisibility.
You fade into invisibility!
* * * LOW HITPOINT WARNING * * *
You feel sick.
The killer bee stings you but does no damage.
The killer bee barely misses you.
It was a potion of resistance.
You feel protected.
You die...

......## ###.#
.###...## #[#
.# ##...# #.#
#####.#.# #.#
##....#.# #.#
...####.# #[###
.### .# #...#
.# .######.# ##
..# #♣#
###########.#
#y#####
......[[.##.##
#..[..#
########..)..#
#)....# ###
####..###.....#
..##
#..........#
#..##
#..###.....#
##..# ##.#
#)....# ##.##
#.###.....#


You could see a killer bee (unable to see you).

Vanquished Creatures
  Prince Ribbit (D:5)
  2 ogres (D:5)
  A centaur (D:5)
  A phantom (D:4)
  A gnoll sergeant (D:5)
  A scorpion (D:4)
  4 wights (D:5)
  4 killer bees (D:5)
  3 jellies
  A hound (D:5)
  An orc priest (D:5)
  Jessica (D:2)
  Terence (D:3)
  2 iguanas (D:5)
  An orc wizard (D:5)
  4 gnolls
  6 adders
  A shadow imp (D:5)
  3 worms (D:1)
  7 dart slugs
  10 orcs
  6 bats
  9 endoplasms
  10 giant cockroaches
  8 goblins
  3 hobgoblins
  23 jackals
  8 kobolds
  5 quokkas
  8 ball pythons
  3 frilled lizards
  7 rats
146 creatures vanquished.

Notes
Turn   | Place    | Note
-------+----------+-------------------------------------------
     0 | D:1      | monsoonserge the Spriggan Hunter began the quest for the
                  | Orb.
     0 | D:1      | Reached XP level 1. HP: 10/10 MP: 2/2
     1 | D:1      | Found a runed translucent door.
     2 | D:1      | Noticed a jelly
   119 | D:1      | Reached XP level 2. HP: 14/14 MP: 3/3
   391 | D:1      | Reached skill level 5 in Ranged Weapons
   391 | D:1      | Reached XP level 3. HP: 16/18 MP: 4/4
  1018 | D:1      | Reached XP level 4. HP: 23/23 MP: 5/5
  1136 | D:2      | Identified the +6 whip of Oritim {heavy, rF+ Will+ rCorr
                  | MP-9 Str+3}
  1251 | D:2      | Reached skill level 6 in Ranged Weapons
  1259 | D:2      | Reached XP level 5. HP: 26/26 MP: 6/6
  1352 | D:2      | Noticed Jessica
  1355 | D:2      | Killed Jessica
  1882 | D:3      | Noticed Terence
  1915 | D:3      | Killed Terence
  2103 | D:3      | Reached skill level 1 in Evocations
  2717 | D:4      | Reached XP level 6. HP: 32/32 MP: 7/7
  2906 | D:4      | Reached skill level 7 in Ranged Weapons
  2971 | D:4      | Found a radiant altar of Vehumet.
  3015 | D:4      | Found a basalt altar of Yredelemnul.
  3229 | D:4      | Found a staircase to the Ecumenical Temple.
  3235 | Temple   | Entered the Ecumenical Temple
  3278 | Temple   | Became a worshipper of Warmaster Okawaru
  3433 | D:5      | Entered Level 5 of the Dungeon
  3576 | D:5      | Reached skill level 1 in Invocations
  3586 | D:5      | Reached XP level 7. HP: 32/35 MP: 7/9
  3637 | D:5      | Noticed Prince Ribbit
  3663 | D:5      | Found a transporter.
  3695 | D:5      | Reached skill level 8 in Ranged Weapons
  3778 | D:5      | Killed Prince Ribbit
  3778 | D:5      | Reached * piety under Okawaru
  4007 | D:5      | Noticed mrw3rdna's ghost (novice DsGl)
  4042 | D:5      | Reached skill level 9 in Ranged Weapons
  4042 | D:5      | Reached XP level 8. HP: 40/40 MP: 10/10
  4054 | D:5      | Reached ** piety under Okawaru
  4220 | D:5      | Found a transporter.
  4551 | D:5      | Reached skill level 10 in Ranged Weapons
  4572 | D:5      | Gained mutation: You are weak. (Str -2) [potion of
                  | mutation]
  4572 | D:5      | Gained mutation: You occasionally shout uncontrollably at
                  | your foes. [potion of mutation]
  4572 | D:5      | Gained mutation: Your system is resistant to poisons.
                  | (rPois) [potion of mutation]
  4573 | D:5      | HP: 3/63 [poisoned by a killer bee]
  4575 | D:5      | Succumbed to a killer bee's poison

Illustrated notes

Levels and vault maps discovered:
D:1:      dpeg_arrival_caged_fury, layout_loops_corners
D:2:      layout_rooms, eino_tiny_chamber, uniq_jessica
D:3:      layout_basic, uniq_terence
D:4:      layout_loops_cross, mainiacjoe_overflow_catch_the_wave,
          minmay_temple_entry_nine_rooms
D:5:      layout_rooms, gammafunk_ghost_stat_death, uniq_prince_ribbit1
Temple:   nicolae_temple_ecumenical_triangle

Skill      XL: |  1  2  3  4  5  6  7  8 |
---------------+-------------------------+-----
Ranged Weapons | 5 6 7 9 10 | 10.0
Dodging        | 3 4 |  4.1
Fighting       | 2 3 4 |  4.1
Evocations     | 1 |  1.0
Stealth        | 2 |  2.5
Invocations    | 1 |  1.3

Action                     |  1- 3 |  4- 6 |  7- 9 || total
---------------------------+-------+-------+-------++-------
   Fire: Shortbow          |   115 |   252 |   157 ||   524
 Invoke: Heroism           |       |       |     1 ||     1
    Use: Potion            |       |       |     4 ||     4
 Armour: Robe              |     9 |    26 |     8 ||    43
         Skin              |       |       |     2 ||     2
  Dodge: Dodged            |    40 |   113 |    72 ||   225
